 Dungeon Crawl Stone Soup version 0.32-a0-330-g213d367 (webtiles) character file.

Game seed: 15978704086543018295

205587 skewfiend the Devastator (level 18, -10/114 HPs)
             Began as a Gargoyle Earth Elementalist on Feb 14, 2024.
             Was the Champion of Vehumet.
             Killed from afar by Roxanne (35 damage)
             ... with an iron shot
             ... on level 1 of the Shoals on Feb 16, 2024.
             The game lasted 02:57:33 (33739 turns).

skewfiend the Devastator (GrEE)                    Turns: 33739, Time: 02:57:35

Health: -10/114    AC: 29    Str: 17    XL:     18   Next: 69%
Magic:  12/34      EV: 18    Int: 28    God:    Vehumet [******]
Gold:   2221       SH: 12    Dex: 10    Spells: 11/41 levels left

rFire   . . .        a - +6 short sword of the Doomed Warrior {drain, rElec rC+ Will- Str+3}
rCold   + . .        Q - +2 kite shield {AC+3}
rNeg    + . .        G - +0 troll leather armour
rPois   ∞            Z - +0 helmet
rElec   +            v - +0 cloak {Will+}
rCorr   .            x - +3 pair of gauntlets of War {Slay+5}
SInv    .            U - +0 pair of boots
Will    +....        S - amulet of regeneration
Stlth   ++           q - +6 ring of intelligence
HPRegen 1.99/turn    p - +5 ring of evasion
MPRegen 0.24/turn

%: no passive effects
@: flying, mesmerised, slightly contaminated, studying Shapeshifting
A: sickness immunity, AC +13, big wings, negative energy resistance 1,
electricity resistance, torment resistance 1, petrification resistance
}: 1/15 runes: serpentine
a: Renounce Religion


You were on level 1 of the Shoals.
You worshipped Vehumet.
Vehumet was exalted by your worship.
You visited 6 branches of the dungeon, and saw 28 of its levels.
You also visited: Ice Cave.

You collected 2689 gold pieces.
You spent 468 gold pieces at shops.

Inventory:

Hand Weapons
 a - the +6 short sword of the Doomed Warrior (weapon) {drain, rElec rC+ Will- Str+3}
   (You found it on level 4 of the Dungeon)

   Str+3:     It affects your strength (+3).
   rC+:       It protects you from cold.
   rElec:     It insulates you from electricity.
   Will-:     It decreases your willpower.
 P - a +4 spear of venom
Missiles
 z - 23 boomerangs
 L - a curare-tipped dart
 O - 5 silver javelins
Armour
 v - a +0 cloak of willpower (worn)
 x - the +3 pair of gauntlets of War (worn) {Slay+5}
   (You acquired it on level 3 of the Snake Pit)

   Slay+5:    It affects your accuracy & damage with ranged weapons and melee
   (+5).
 G - a +0 troll leather armour (worn)
 Q - a +2 kite shield of protection (worn)
 U - a +0 pair of boots (worn)
 Z - a +0 helmet (worn)
Magical Staves
 b - a staff of earth
Jewellery
 f - a ring of protection from cold
 g - a ring of magical power
 p - a +5 ring of evasion (right hand)
 q - a +6 ring of intelligence (left hand)
 E - a ring of see invisible
 S - an amulet of regeneration (around neck)
Wands
 c - a wand of flame (13)
 l - a wand of quicksilver (24)
 w - a wand of polymorph (9)
 D - a wand of mindburst (17)
 H - a wand of paralysis (12)
 J - a wand of digging (1)
 R - a wand of iceblast (4)
Scrolls
 e - a scroll of vulnerability
 i - 5 scrolls of blinking
 r - 5 scrolls of fog
 s - 3 scrolls of revelation
 t - 11 scrolls of teleportation
 u - 2 scrolls of butterflies
 I - 3 scrolls of fear
 X - 7 scrolls of poison
Potions
 h - 7 potions of heal wounds
 j - 7 potions of curing
 k - a potion of attraction
 m - 5 potions of enlightenment
 B - 2 potions of berserk rage
 C - 5 potions of haste
 F - 4 potions of might
 K - 3 potions of invisibility
 V - 3 potions of brilliance
 Y - a potion of cancellation
Miscellaneous
 d - a lightning rod (inert)


   Skills:
 + Level 13.1 Fighting
 + Level 10.2 Armour
 + Level 7.9 Dodging
 - Level 2.1 Stealth
 + Level 10.1 Shields
 - Level 12.0 Spellcasting
 * Level 18.2 Conjurations
 - Level 7.0 Fire Magic
 - Level 6.0 Ice Magic
 - Level 1.0 Air Magic
 * Level 18.2 Earth Magic


You had 11 spell levels left.
You knew the following spells:

 Your Spells              Type           Power      Damage    Failure   Level
a - Sandblast             Erth           100%       2d20      0%          1
b - Static Discharge      Conj/Air       100%       3-8/arc   1%          2
c - Starburst             Conj/Fire      36%        6d11      1%          6
d - Bombard               Conj/Erth      43%        9d7       1%          6
e - Freezing Cloud        Conj/Ice/Air   29%        6-21      1%          5
f - Irradiate             Conj/Alch      30%        3d21      1%          5
h - Iskenderun's Battles  Conj           87%        2d13      1%          5

Your spell library contained the following spells:

 Spells                   Type           Power      Damage    Failure   Level
 Ignition                 Fire           27%        3d9       99%         8
 Passwall                 Erth           87%        N/A       0%          3
 Stone Arrow              Conj/Erth      100%       3d13      0%          3
 Shock                    Conj/Air       100%       1d9       1%          1
 Sting                    Conj/Alch      100%       1d9       1%          1
 Brom's Barrelling Bould  Conj/Erth      87%        2d10      1%          4
 Leda's Liquefaction      Alch/Erth      30%        N/A       1%          4
 Petrify                  Alch/Erth      61%        N/A       1%          4
 Fireball                 Conj/Fire      36%        3d15      1%          5
 Lee's Rapid Deconstruct  Erth           43%        3d21*     1%          5
 Orb of Destruction       Conj           43%        9d12      1%          7
 Mercury Vapours          Alch/Air       38%        N/A       2%          2
 Ensorcelled Hibernation  Hex/Ice        66%        N/A       3%          2
 Ignite Poison            Fire/Alch      36%        N/A       5%          4
 Conjure Ball Lightning   Conj/Air       31%        3x3d10    7%          6
 Apportation              Tloc           32%        N/A       8%          1
 Summon Small Mammal      Summ           64%        N/A       8%          1
 Call Imp                 Summ           32%        N/A       12%         2
 Jinxbite                 Hex            32%        N/A       12%         2
 Airstrike                Air            11%        2d(2-18)  13%         4
 Swiftness                Air            22%        N/A       16%         3
 Summon Blazeheart Golem  Fire/Summ      36%        N/A       19%         4
 Olgreb's Toxic Radiance  Alch           16%        N/A       21%         4
 Call Canine Familiar     Summ           16%        N/A       24%         3
 Fugue of the Fallen      Necr           16%        N/A       24%         3
 Gell's Gravitas          Tloc           16%        N/A       24%         3
 Teleport Other           Tloc           16%        N/A       24%         3
 Anguish                  Hex/Necr       8%         N/A       61%         4
 Alistair's Intoxication  Alch           10%        N/A       91%         5
 Dispersal                Tloc           8%         N/A       100%        6
 Summon Horrible Things   Summ           8%         N/A       100%        8
 Dragon's Call            Summ           8%         N/A       100%        9
 Cigotuvi's Dreadful Rot  Necr/Alch/Air  Unusable   N/A       N/A         2

Dungeon Overview and Level Annotations

Branches:
Dungeon (15/15)            Temple (1/1) D:6            Lair (5/5) D:11
 Shoals (1/4) Lair:2        Snake (4/4) Lair:3        Slime (0/5) Lair:4
    Orc (2/2) D:9             Elf (0/3) Orc:2        Vaults (0/5) D:13
 Depths (0/4) D:15          IceCv (visited)

Altars:
Ashenzari
Cheibriados
Dithmenos
Elyvilon
Fedhas
Gozag
Hepliaklqana
Kikubaaqudgha
Makhleb
Nemelex Xobeh
Okawaru
Qazlal
Ru
Sif Muna
Trog
Uskayaw
Vehumet
Wu Jian
Xom
Yredelemnul
Zin
The Shining One
Beogh
Jiyva
Lugonu

Shops:
D:5 *   D:9 ?   D:13 [   Orc:1 :=   Orc:2 *([=((::   Shoals:1 =   Snake:1 =:=
Snake:2 *

Annotations:
Shoals:1 Roxanne
Orc:2 shatter gold dragon scales


Innate Abilities, Weirdness & Mutations

You are immune to sickness and miasma.
Your stone body is resilient. (AC +13)
You are immune to poison.
Your large and strong wings let you fly.
You resist negative energy. (rN+)
You are resistant to electric shocks. (rElec)
You are resistant to unholy torment.
You are immune to petrification.


Message History

The merfolk siren chants its luring song.
The faun shoots a sling bullet.
You block the sling bullet. The faun casts a spell at you.
You resist with some effort.
Roxanne casts a spell.
You block the iron shot.
The merfolk hits you from afar with a +0 trident.
Unknown command.
You closely miss the faun.
The faun is heavily wounded.
The merfolk siren chants its luring song.
The faun shoots a sling bullet.
The sling bullet closely misses you. The faun hits you with a +0 club.
You block the merfolk's attack.
Roxanne mumbles some strange words.
The crystal spear hits you!!
The merfolk siren chants its luring song.
The faun shoots a sling bullet.
The sling bullet misses you. The faun hits you with a +0 club.
* * * LOW HITPOINT WARNING * * *
The merfolk throws a boomerang.
The boomerang completely misses you.
Roxanne mumbles some strange words.
The bolt of magma hits you!
* * * LOW HITPOINT WARNING * * *
Things that are here:
a +0 club; a +0 sling Unknown command.
Casting: Irradiate (dangerous; 1% risk of failure)
Confirm with . or Enter, or press ? or * to list all spells.
You erupt in a fountain of uncontrolled magic!
The faun is blasted with magical radiation!!!
You kill the faun!
Vehumet accepts your kill.
Roxanne is blasted with magical radiation!!
Roxanne is severely damaged.
You are lightly contaminated with residual magic.
The faun casts a spell at you. You resist with significant effort.
You block the merfolk's attack.
Roxanne casts a spell.
The iron shot hits you!!
You die...

~~≈≈≈≈≈≈≈≈≈≈≈≈≈≈≈≈≈≈
~~~~≈≈≈≈≈≈≈≈≈≈≈≈≈≈≈≈
~~~~~~~~~~~~~≈≈≈≈≈≈≈
~~~~~~~~~~~~~~~≈≈≈≈≈≈
..~~~.......~~~~≈≈≈≈≈≈
.............~~~~≈≈≈≈≈≈
..~~..........~~~~~≈≈≈≈
#..~......I.....~~~~~≈≈
##......c)@......~~~~~≈
........m..).......~~~~
.#......m))...)....~~~~
.............<......~~~
..~.................~~~
..~~.$.....≈≈......~~~~
~.~~......≈∩≈....~~~~~~
~......≈≈≈..~..~~..~
~~..........~~~~~...


You could see Roxanne, a merfolk, a faun and a merfolk siren (mesmerising).

Vanquished Creatures
  Vashnia (Snake:3)
  Jorgrun (D:13)
  Gastronok (Orc:1)
  Kirke (Snake:1)
  5 nagarajas (Snake:4)
  5 azure jellies
  A fire giant (D:12)
  4 quicksilver oozes
  The ghost of Nuemoom the Grappler, a journeyman TrSh of Dithmenos (Lair:3)
  Azrael (Snake:1)
  A fire dragon (Lair:5)
  2 great orbs of eyes
  4 salamander tyrants
  8 vault guards (D:13)
  2 hydras
  Erica (D:9)
  8 centaur warriors
  2 boulder beetles
  5 anacondas
  3 two-headed ogres
  A dancing weapon (Lair:3)
  5 merfolk aquamancers
  6 shock serpents
  12 naga warriors
  5 orc high priests (Orc:2)
  8 tengu warriors
  A deep troll earth mage (D:15)
  19 naga sharpshooters
  5 death yaks (Lair:4)
  An occultist (D:15)
  2 skeletal warriors (D:14)
  2 skysharks
  A fire crab (Lair:5)
  8 salamander mystics
  A deep troll (D:15)
  16 mana vipers
  9 naga ritualists
  A swamp dragon (Lair:5)
  5 orc knights (Orc:2)
  A deep elf pyromancer (D:13)
  A wolf spider (Lair:5)
  21 ugly things (D:14)
  5 fauns (Shoals:1)
  6 orc sorcerers (Orc:2)
  26 salamanders
  5 cyclopes
  8 manticores
  10 elephants
  12 naga magi
  9 guardian serpents
  2 kobold blastminers (Orc:2)
  Joseph (D:10)
  A torpor snail (Lair:4)
  The ghost of aor the Shield-Bearer, a novice MDFi (D:3)
  A gargoyle (D:13)
  2 ice statues (IceCv)
  41 black mambas
  17 cane toads
  4 unseen horrors
  7 rime drakes
  A kobold demonologist (D:11)
  5 tengu conjurers
  An efreet (D:13)
  6 komodo dragons
  A freezing wraith (D:14)
  8 trolls
  A wolf spider simulacrum (D:14)
  5 hornets
  A polar bear (shapeshifter) (D:15)
  A snapping turtle (Shoals:1)
  8 blink frogs (Lair:5)
  12 dream sheep (Lair:3)
  19 slime creatures
  3 shadows
  5 water elementals
  2 fire elementals (Snake:1)
  43 yaks
  13 wyverns
  2 basilisks
  5 wargs
  2 wraiths
  3 fire bats (Lair:4)
  A hog (Snake:1)
  A human (D:6)
  3 steam dragons
  3 swamp worms (Lair:2)
  44 nagas
  A great orb of eyes simulacrum (IceCv)
  6 acid dragons
  4 hell hounds (Snake:1)
  27 water moccasins
  18 orc warriors
  A swamp drake (D:9)
  3 ice beasts (D:11)
  2 black bears
  An ogre (Orc:1)
  20 wolves
  5 centaurs
  2 phantoms (D:6)
  7 slime creature simulacra (IceCv)
  A kobold brigand (D:9)
  25 bullfrogs
  2 gnoll sergeants
  2 scorpions (D:5)
  5 glowing shapeshifter simulacra (IceCv)
  8 wights
  A wyvern skeleton (D:3)
  4 killer bees (D:9)
  A howler monkey (D:10)
  2 electric eels (Lair:5)
  17 jellies
  A gnoll bouda (D:5)
  2 bullfrog zombies (D:3)
  17 orc priests
  3 hounds
  9 iguanas
  2 sleepcaps (D:6)
  36 orc wizards
  5 shapeshifter simulacra (IceCv)
  8 gnolls
  11 adders
  A shadow imp (D:7)
  3 white imps
  7 ufetubi (D:6)
  2 ribbon worms (D:2)
  102 orcs
  10 ball pythons
  8 bats
  8 endoplasms
  2 giant cockroaches (D:2)
  6 goblins
  3 hobgoblins
  4 jackals (D:1)
  11 kobolds
  3 quokkas
  4 frilled lizards
  A kobold skeleton (D:6)
  4 rats
983 creatures vanquished.

Vanquished Creatures (collateral kills)
  6 boulders
6 creatures vanquished.

Vanquished Creatures (others)
  A naga ritualist (Snake:4)
  A rime drake (Lair:5)
  3 boulders
5 creatures vanquished.

Grand Total: 994 creatures vanquished

Notes
Turn   | Place    | Note
-------+----------+-------------------------------------------
     0 | D:1      | skewfiend the Gargoyle Earth Elementalist began the quest
                  | for the Orb.
     0 | D:1      | Reached XP level 1. HP: 10/10 MP: 3/3
   147 | D:1      | Reached XP level 2. HP: 15/15 MP: 3/5
   480 | D:1      | Reached XP level 3. HP: 19/19 MP: 4/6
   529 | D:1      | Reached skill level 5 in Earth Magic
  1242 | D:2      | Reached XP level 4. HP: 24/24 MP: 3/7
  1374 | D:2      | Found a faded altar of an unknown god.
  1903 | D:2      | Learned a level 4 spell: Brom's Barrelling Boulder
  1907 | D:2      | Learned a level 3 spell: Stone Arrow
  2238 | D:3      | Found a radiant altar of Vehumet.
  2274 | D:3      | Became a worshipper of Vehumet
  2398 | D:3      | Reached XP level 5. HP: 28/28 MP: 5/8
  2507 | D:3      | Found a stormy altar of Qazlal.
  2525 | D:3      | Found a shadowy altar of Dithmenos.
  2796 | D:3      | Found an ancient bone altar of Kikubaaqudgha.
  2990 | D:3      | Reached skill level 1 in Fighting
  3034 | D:3      | Found a runed translucent gate.
  3034 | D:3      | Found a runed translucent gate.
  3034 | D:3      | Found a runed translucent gate.
  3035 | D:3      | Noticed aor's ghost (novice MDFi)
  3576 | D:4      | Identified the +6 short sword of the Doomed Warrior {drain,
                  | rElec rC+ Will- Str+3}
  3675 | D:4      | Noticed a black bear
  3685 | D:4      | Killed a black bear
  3686 | D:4      | Reached XP level 6. HP: 34/34 MP: 7/10
  3839 | D:4      | Found a hide-covered altar of Uskayaw.
  4372 | D:5      | Entered Level 5 of the Dungeon
  4420 | D:5      | Reached XP level 7. HP: 40/40 MP: 2/11
  4507 | D:5      | Reached * piety under Vehumet
  4507 | D:5      | Offered knowledge of Freeze by Vehumet.
  4558 | D:5      | Found a white marble altar of Elyvilon.
  4800 | D:5      | Found a glowing silver altar of Zin.
  4837 | D:5      | Found Nasigu Buot's General Store.
  5377 | D:6      | Reached XP level 8. HP: 38/46 MP: 13/13
  5399 | D:6      | Reached skill level 5 in Conjurations
  5468 | D:6      | Found a staircase to the Ecumenical Temple.
  5498 | Temple   | Entered the Ecumenical Temple
  5904 | D:6      | Found a runed translucent door.
  5909 | D:6      | Found a basalt altar of Yredelemnul.
  6147 | D:6      | Reached ** piety under Vehumet
  6147 | D:6      | Offered knowledge of Static Discharge by Vehumet.
  6162 | D:6      | Learned a level 2 spell: Static Discharge
  6813 | D:7      | Reached XP level 9. HP: 52/52 MP: 13/15
  6877 | D:7      | Found a bloodstained altar of Trog.
  6970 | D:7      | Found an iron altar of Okawaru.
  7780 | D:8      | Offered knowledge of Hailstorm by Vehumet.
  7793 | D:8      | Reached skill level 1 in Air Magic
  7840 | D:8      | Reached *** piety under Vehumet
  7949 | D:8      | Reached skill level 10 in Earth Magic
  7982 | D:8      | Noticed a two-headed ogre
  7986 | D:8      | Killed a two-headed ogre
  7987 | D:8      | Reached skill level 5 in Fighting
  7987 | D:8      | Reached skill level 5 in Spellcasting
  8110 | D:8      | Noticed a hornet
  8120 | D:8      | Killed a hornet
  8224 | D:8      | Reached XP level 10. HP: 55/59 MP: 10/18
  8291 | D:8      | Found a shimmering blue altar of Sif Muna.
  8493 | D:8      | Offered knowledge of Sticky Flame by Vehumet.
  8655 | D:8      | Found a sparkling altar of Nemelex Xobeh.
  9115 | D:9      | Noticed a two-headed ogre
  9121 | D:9      | Killed a two-headed ogre
  9290 | D:9      | Found a staircase to the Orcish Mines.
  9295 | D:9      | Noticed Erica
  9322 | D:9      | Killed Erica
  9323 | D:9      | Reached skill level 10 in Conjurations
  9497 | D:9      | Reached XP level 11. HP: 66/66 MP: 20/20
  9502 | D:9      | Reached **** piety under Vehumet
  9565 | D:9      | Noticed a cyclops
  9565 | D:9      | Noticed a manticore
  9565 | D:9      | Noticed a cyclops
  9581 | D:9      | Killed a manticore
  9581 | D:9      | Noticed a two-headed ogre
  9586 | D:9      | Offered knowledge of Freezing Cloud by Vehumet.
  9878 | D:9      | Killed a two-headed ogre
 10041 | D:9      | Killed a cyclops
 10173 | D:9      | Killed a cyclops
 10307 | D:9      | Found a glowing golden altar of the Shining One.
 10506 | D:9      | Learned a level 5 spell: Freezing Cloud
 10689 | D:9      | Reached ***** piety under Vehumet
 10689 | D:9      | Offered knowledge of Plasma Beam by Vehumet.
 10707 | D:9      | Found Dycigg's Magic Scroll Emporium.
 10715 | D:9      | Bought a scroll of identify for 30 gold pieces
 10716 | D:9      | Bought a scroll of identify for 30 gold pieces
 10716 | D:9      | Bought a scroll of identify for 30 gold pieces
 10716 | D:9      | Bought a scroll of identify for 30 gold pieces
 10716 | D:9      | Bought a scroll of identify for 30 gold pieces
 10744 | D:9      | Reached skill level 1 in Ice Magic
 11056 | D:10     | Entered Level 10 of the Dungeon
 11201 | D:10     | Noticed Joseph
 11208 | D:10     | Killed Joseph
 11803 | D:11     | Reached XP level 12. HP: 73/73 MP: 15/22
 11853 | D:11     | Found a staircase to the Lair.
 11879 | D:11     | Got Urchudgha's Handbook of Beckoning
 12178 | Lair:1   | Entered Level 1 of the Lair of Beasts
 13529 | D:12     | Reached skill level 1 in Shields
 13571 | D:12     | Reached skill level 1 in Armour
 13668 | D:12     | Reached skill level 5 in Ice Magic
 13963 | D:13     | Noticed Jorgrun
 13972 | D:13     | Killed Jorgrun
 13973 | D:13     | Upgraded the game from 0.32-a0-306-gfed3edf to
                  | 0.32-a0-314-g526f7d4
 13983 | D:13     | Found Jiemilla's Antique Armour Emporium.
 13986 | D:13     | Bought a glimmering buckler for 218 gold pieces
 13986 | D:13     | Identified the +2 buckler of Supple Strength {+Inv rElec
                  | Str-3 Dex+3} (You bought it in a shop on level 13 of the
                  | Dungeon)
 14052 | D:13     | Found a frozen archway.
 14072 | IceCv    | Entered an ice cave
 14143 | IceCv    | Identified the +0 ice dragon scales of Negligence {Fly
                  | rElec rF- rC++ Int+4 Dex+3}
 14214 | IceCv    | Noticed a quicksilver ooze
 14224 | IceCv    | Killed a quicksilver ooze
 14225 | IceCv    | Reached XP level 13. HP: 55/80 MP: 7/24
 14238 | IceCv    | Noticed a quicksilver ooze
 14247 | IceCv    | Killed a quicksilver ooze
 14364 | IceCv    | Noticed an azure jelly
 14378 | IceCv    | Killed an azure jelly
 14419 | IceCv    | Found a viscous altar of Jiyva.
 14419 | IceCv    | Noticed an azure jelly
 14454 | IceCv    | Killed an azure jelly
 14478 | IceCv    | Got the +3 short sword of Emumaeheed {freeze, rElec rPois
                  | Int-5 Dex+5}
 14568 | D:13     | Offered knowledge of Irradiate by Vehumet.
 14575 | D:13     | Learned a level 5 spell: Irradiate
 15784 | Lair:2   | Found a staircase to the Shoals.
 16458 | Lair:2   | Learned a level 6 spell: Bombard
 16757 | Lair:3   | Gained mutation: Your large and strong wings let you fly.
                  | [Gargoyle growth]
 16757 | Lair:3   | Reached XP level 14. HP: 79/87 MP: 21/26
 16818 | Lair:3   | Reached skill level 5 in Armour
 16818 | Lair:3   | Reached skill level 5 in Shields
 16924 | Lair:3   | Reached skill level 10 in Fighting
 17226 | Lair:3   | Upgraded the game from 0.32-a0-314-g526f7d4 to
                  | 0.32-a0-330-g213d367
 17511 | Lair:3   | Found a staircase to the Snake Pit.
 17539 | Lair:3   | Found a runed translucent door.
 17539 | Lair:3   | Found a shimmering altar of Xom.
 17539 | Lair:3   | Noticed Nuemoom's ghost (journeyman TrSh)
 17936 | D:3      | Offered knowledge of Iskenderun's Battlesphere by Vehumet.
 17939 | D:3      | Killed aor's ghost
 18361 | Orc:1    | Entered Level 1 of the Orcish Mines
 18361 | Orc:1    | Found Ecruojeo's Jewellery Boutique.
 18368 | Orc:1    | Noticed Gastronok
 18376 | Orc:1    | Killed Gastronok
 18414 | Orc:1    | Found Wepsoaz's Book Shop.
 18488 | Orc:2    | Entered Level 2 of the Orcish Mines
 18506 | Orc:2    | Found Isaon's Antique Weapon Shop.
 18634 | Orc:2    | Found Muaniaxi's Armour Shop.
 18675 | Orc:2    | Found Jadasadd's Assorted Antiques.
 18712 | Orc:2    | Found a roughly hewn altar of Beogh.
 18766 | Orc:2    | Found a staircase to the Elven Halls.
 18819 | Orc:2    | Found Yxtemyn's Antique Weapon Boutique.
 19277 | Orc:2    | Reached skill level 15 in Earth Magic
 19479 | Orc:2    | Found a roughly hewn altar of Beogh.
 19509 | Orc:2    | Learned a level 5 spell: Iskenderun's Battlesphere
 19576 | Orc:2    | Found a roughly hewn altar of Beogh.
 20033 | Orc:2    | Found Urineatz's Jewellery Shop.
 20076 | Orc:2    | Paralysed by an orc sorcerer for 3 turns
 20081 | Orc:2    | Reached skill level 5 in Dodging
 20157 | Orc:2    | Offered knowledge of Starburst by Vehumet.
 20178 | Orc:2    | Found Nuramp's Book Shop.
 20270 | Orc:2    | Found Iwuoreyd's Book Shoppe.
 20277 | Orc:2    | Found Xepp's Weapon Shoppe.
 20354 | Orc:2    | Bought a scroll of amnesia for 100 gold pieces
 20530 | Lair:1   | Learned a level 6 spell: Starburst
 20886 | Lair:4   | Reached skill level 1 in Fire Magic
 20895 | Lair:4   | Reached skill level 15 in Conjurations
 21132 | Lair:4   | Reached XP level 15. HP: 93/93 MP: 24/28
 21221 | Lair:4   | Found a staircase to the Slime Pits.
 21221 | Lair:4   | Found a viscous altar of Jiyva.
 21727 | Lair:5   | Entered Level 5 of the Lair of Beasts
 21748 | Lair:5   | Noticed an azure jelly
 21755 | Lair:5   | Killed an azure jelly
 22265 | Lair:5   | Noticed an azure jelly
 22271 | Lair:5   | Killed an azure jelly
 22283 | Lair:5   | Noticed an azure jelly
 22287 | Lair:5   | Killed an azure jelly
 23213 | Lair:5   | Offered knowledge of Ozocubu's Refrigeration by Vehumet.
 23658 | Lair:5   | Reached skill level 5 in Fire Magic
 24043 | Lair:3   | Killed Nuemoom's ghost
 24306 | D:13     | Found a gate to the Vaults.
 24319 | D:13     | Reached XP level 16. HP: 70/100 MP: 29/29
 24824 | D:12     | Reached skill level 10 in Spellcasting
 25476 | D:14     | Offered knowledge of Spellforged Servitor by Vehumet.
 26952 | D:15     | Entered Level 15 of the Dungeon
 28051 | D:15     | Found a staircase to the Depths.
 28469 | Snake:1  | Entered Level 1 of the Snake Pit
 28486 | Snake:1  | Offered knowledge of Ignition by Vehumet.
 28487 | Snake:1  | Reached XP level 17. HP: 89/106 MP: 18/33
 28493 | Snake:1  | Noticed Azrael
 28498 | Snake:1  | Killed Azrael
 28831 | Snake:1  | Found Imyoc's Jewellery Boutique.
 28832 | Snake:1  | Noticed Kirke
 28841 | Snake:1  | Killed Kirke
 28946 | Snake:1  | Found Dukkas's Book Emporium.
 28947 | Snake:1  | Found Peda's Jewellery Boutique.
 29545 | Snake:2  | Found Xooduobu's Assorted Antiques.
 30731 | Snake:3  | Identified a scroll of acquirement
 30768 | Snake:3  | Noticed Vashnia
 30784 | Snake:3  | Killed Vashnia
 30993 | Snake:3  | Acquired the +3 pair of gauntlets of War {Slay+5}
 30993 | Snake:3  | Found the +3 pair of gauntlets of War {Slay+5}
 31154 | Snake:3  | Reached ****** piety under Vehumet
 31621 | Snake:4  | Entered Level 4 of the Snake Pit
 31627 | Snake:4  | Reached XP level 18. HP: 91/113 MP: 23/34
 32965 | Snake:4  | Reached skill level 10 in Armour
 33100 | Snake:4  | Reached skill level 10 in Shields
 33531 | Snake:4  | Got a serpentine rune of Zot
 33683 | Shoals:1 | Entered Level 1 of the Shoals
 33683 | Shoals:1 | Noticed Roxanne
 33683 | Shoals:1 | Found Qyklid's Jewellery Shoppe.
 33739 | Shoals:1 | Killed from afar by Roxanne

Illustrated notes

Levels and vault maps discovered:
D:1:      dpeg_arrival_solitude, layout_basic
D:2:      layout_loops_corners, chequers_ecumenical_altar_island
D:3:      layout_basic, nicolae_vehumet_radiance, lemuel_tele_altar,
          mainiacjoe_overflow_big_doors, gammafunk_ghost_necromancy,
          chequers_mini_garden, grunt_decor_cap
D:4:      layout_basic, mainiacjoe_overflow_concentric_impassable
D:5:      layout_rooms, zin_scriptorium, elyvilon_altar_1, serial_shops, shop
D:6:      minmay_razor_zed, layout_basic, dk_yredelemnul_ordeal,
          minmay_temple_entry_large_hall, corexii_checkpoint
D:7:      layout_basic, okawaru_gym_becter, general_overflow_altar, minivault_4
D:8:      layout_rooms, mainiacjoe_overflow_catwalk, kennysheep_mini,
          minmay_manual_maat
D:9:      minmay_chambers_of_sevens, layout_irregular_city,
          nicolae_tso_swordbearing_angel, erik_orc_1, nicolae_stop_n_shop_1,
          uniq_erica
D:10:     layout_gridville, uniq_joseph
D:11:     layout_basic, hellmonk_lair_entry_icy
D:12:     kennysheep_funnel, layout_basic, kennysheep_generic_room_16
D:13:     layout_basic, erik_vaults_2, serial_shops,
          nicolae_shop_real_fake_doors, portal_ice_cave_rime,
          gauntlet_entry_generic, uniq_jorgrun
D:14:     layout_cave_pods, dk_noncrumbling_2, nicolae_splish_splash
D:15:     hellmonk_depths_entry_around_the_bend, layout_basic,
          chequers_decorated_corner, nrook_mini_vaults
Temple:   kb_corrupted_temple
Lair:1:   layout_misc_corridors, infiniplex_staircase_pool_2, grunt_megastairs_2
Lair:2:   layout_chaotic_city, minmay_shoals_entry_centaurs, worms_lemuel,
          lemuel_fruit_tree, grunt_megastairs_4
Lair:3:   layout_cave_shapes, minmay_snake_entry_guardpost_medium,
          ebering_ghost_xom, lemuel_fruit_fields, serial_bayou_shore_b
Lair:4:   layout_gridlike, slime_entry_1
Lair:5:   hangedman_lair_tendril_chambers, layout_small_grid,
          guppyfry_lair_end_dragon, special_room [special_room_jelly],
          serial_bayou_shore_a
Shoals:1: layout_shoals, serial_shops, nicolae_shop_tiny_waterfront,
          nicolae_shoals_abyss_on_the_beach, uniq_louise, uniq_roxanne
Snake:1:  layout_grid_shapes, minmay_shop_grove, uniq_azrael, uniq_kirke
Snake:2:  layout_onion, serial_shops, shop, nicolae_twisty_statue_hallways
Snake:3:  layout_rooms, uniq_vashnia
Snake:4:  johnstein_snake_rune_scales, layout_chambers,
          serial_library_hellmonk_open_cross, grunt_megastairs_3
Orc:1:    layout_diamond_mine, serial_shops, shop, shop, uniq_gastronok
Orc:2:    st_orc_elflike, layout_caves, special_room, serial_shops, shop,
          nicolae_shop_pleasant_corner_grove, nicolae_shop_mannequins,
          nicolae_lakefront_shop, hangedman_feature_mirror,
          kennysheep_orc_chapel

Skill      XL: |  1  2  3  4  5  6  7  8  9 10 11 12 13 14 15 16 17 18 |
---------------+-------------------------------------------------------+-----
Earth Magic    | 4 5 6 7 8 9 10 12 13 14 15 16 17 18 | 18.2
Conjurations   | 2 3 4 6 8 10 11 12 14 15 16 17 18 | 18.2
Fighting       | 1 2 3 4 5 6 7 8 9 10 11 12 13 | 13.1
Spellcasting   | 3 4 5 6 7 8 9 12 | 12.0
Air Magic      | 1 |  1.0
Ice Magic      | 3 5 6 |  6.0
Shields        | 2 4 6 7 8 9 10 | 10.1
Armour         | 2 4 6 7 8 9 10 | 10.2
Dodging        | 2 4 5 6 7 |  7.9
Fire Magic     | 2 5 7 |  7.0
Stealth        | |  2.1

Action                     |  1- 3 |  4- 6 |  7- 9 | 10-12 | 13-15 | 16-18 || total
---------------------------+-------+-------+-------+-------+-------+-------++-------
  Melee: Spear             |     4 |       |       |       |     2 |     5 ||    11
         Short sword       |       |       |    14 |    41 |   372 |   404 ||   831
         Unarmed           |       |       |       |       |    20 |     2 ||    22
  Throw: Dart              |       |     3 |     2 |     1 |       |       ||     6
         Stone             |       |     1 |       |     1 |       |       ||     2
         Boomerang         |       |       |       |     3 |     1 |       ||     4
         Javelin           |       |       |       |       |       |     2 ||     2
   Cast: Sandblast         |    40 |    68 |   131 |   238 |   320 |   173 ||   970
         Stone Arrow       |       |     3 |    14 |    77 |    41 |       ||   135
         Static Discharge  |       |       |     4 |    17 |    24 |    12 ||    57
         Brom's Barrelling |       |       |     1 |    13 |     5 |       ||    19
         Freezing Cloud    |       |       |       |     7 |    42 |    58 ||   107
         Bombard           |       |       |       |       |    37 |    38 ||    75
         Irradiate         |       |       |       |       |    32 |    51 ||    83
         Starburst         |       |       |       |       |    34 |    40 ||    74
         Iskenderun's Batt |       |       |       |       |     5 |     3 ||     8
  Evoke: Wand              |       |     1 |       |     4 |     8 |     2 ||    15
         Lightning rod     |       |       |       |       |     4 |     4 ||     8
    Use: Scroll            |       |     8 |     6 |    13 |     4 |     4 ||    35
         Potion            |       |     1 |       |     1 |     2 |       ||     4
   Stab: Sleeping          |       |       |       |       |     1 |       ||     1
 Armour: Robe              |     6 |     7 |    36 |       |       |       ||    49
         Ring mail         |       |       |    29 |   224 |       |       ||   253
         Troll leather arm |       |       |       |    21 |   459 |   475 ||   955
         Skin              |       |       |       |       |     9 |       ||     9
  Dodge: Dodged            |    10 |    14 |    31 |    62 |   358 |   444 ||   919
  Block: Buckler           |       |       |       |    10 |   213 |    90 ||   313
         Kite shield       |       |       |       |       |       |   312 ||   312

Table legend: (Time is in decaauts)
 A = Elapsed time spent in this place.
 B = Non-inter-level travel time spent in this place.
 C = Inter-level travel time spent in this place.
 D = Time resting spent in this place.
 E = Time spent auto-exploring this place.
 F = Levels seen in this place.
 G = Mean time per level.
                   A        B        C        D        E       F      G
               +--------+--------+--------+--------+--------+-----+--------+
         Total |  34360 |  31142 |   3218 |   2639 |  21031 |  29 | 1184.8 |
       Dungeon |  19488 |  17369 |   2119 |   1034 |  13197 |  15 | 1299.2 |
        Temple |      1 |      1 |      0 |      0 |      0 |   1 |    1.0 |
          Lair |   7105 |   6466 |    639 |    471 |   4325 |   5 | 1421.0 |
        Shoals |     57 |     57 |      0 |      0 |      0 |   1 |   57.0 |
     Snake Pit |   5126 |   4880 |    246 |    719 |   2838 |   4 | 1281.5 |
  Orcish Mines |   2096 |   1885 |    211 |    413 |    671 |   2 | 1048.0 |
      Ice Cave |    484 |    484 |      0 |      0 |      0 |   1 |  484.0 |
               +--------+--------+--------+--------+--------+-----+--------+

Top non-repeatable levels by time:
     D:9: 2558 daAuts
  Lair:5: 2025 daAuts
 Snake:4: 2019 daAuts
     D:6: 1776 daAuts
   Orc:2: 1676 daAuts
    D:14: 1606 daAuts
    D:12: 1572 daAuts
    D:13: 1454 daAuts
  Lair:3: 1437 daAuts
     D:3: 1298 daAuts
  Lair:4: 1283 daAuts
 Snake:2: 1273 daAuts
 Snake:3: 1237 daAuts
    D:15: 1231 daAuts
  Lair:2: 1219 daAuts
